 Dungeon Crawl Stone Soup version 0.21.0-25-ge575cb9 (webtiles) character file.

536 loralnil the Sneak (level 7, -2/38 HPs)
             Began as a Vine Stalker Monk on Jan 24, 2018.
             Was a Believer of Cheibriados.
             Splashed by a jelly's acid (7 damage)
             ... on level 5 of the Dungeon.
             The game lasted 00:11:12 (3629 turns).

loralnil the Sneak (Vine Stalker Monk)              Turns: 3629, Time: 00:11:13

Health: -2/38      AC: -11   Str: 20    XL:     7   Next: 25%
Magic:  0/17       EV: 14    Int: 15    God:    Cheibriados [**....]
Gold:   226        SH:  3    Dex: 22    Spells: 6/6 levels left

rFire    . . .     SeeInvis .     - Unarmed
rCold    . . .     Gourm    .   (no shield)
rNeg     . . .     Faith    .   o - +2 robe {MR+}
rPois    +         Spirit   +   h - +0 helmet
rElec    .         Reflect  +   (no cloak)
rCorr    .         Harm     .   (no gloves)
MR       +....                  (no boots)
Stlth    +++.......             u - +3 amulet of reflection
HPRegen  0.52/turn              c - ring of magical power
MPRegen  0.15/turn              j - ring of poison resistance

@: corroded, drained, very slow
A: fangs 2, regeneration 1, magic shield, antimagic bite, no potion heal 3, rot
immunity
a: Bend Time, Renounce Religion


You were on level 5 of the Dungeon.
You worshipped Cheibriados.
Cheibriados was pleased with you.
You were not hungry.

You visited 2 branches of the dungeon, and saw 6 of its levels.

You collected 226 gold pieces.

Inventory:

Armour
 h - a +0 helmet (worn)
 o - a +2 robe of magic resistance (worn)
Jewellery
 c - a ring of magical power (left hand)
 j - a ring of poison resistance (right hand)
 r - an uncursed ring of wizardry
 u - a +3 amulet of reflection (around neck)
Wands
 m - a wand of scattershot (6)
Scrolls
 a - 2 scrolls of identify
 f - 2 scrolls of fog {unknown}
 l - 5 scrolls of remove curse {unknown}
 n - 2 scrolls of magic mapping {unknown}
 q - 3 scrolls of noise {unknown}
 t - 2 scrolls of teleportation {unknown}
Potions
 d - a potion of resistance
 e - a potion of brilliance
 g - 2 potions of curing
 i - a potion of ambrosia
 k - 3 potions of flight
 p - a potion of magic {unknown}
 s - 2 potions of invisibility {unknown}
Comestibles
 b - 10 rations
 v - a chunk of flesh


   Skills:
 * Level 4.9(4.5) Fighting
 + Level 3.7(3.3) Dodging
 + Level 5.1(4.7) Stealth
 + Level 4.5(4.1) Unarmed Combat


You had 6 spell levels left.
You didn't know any spells.

Dungeon Overview and Level Annotations

Branches:
Dungeon (5/15)             Temple (1/1) D:4

Altars:
Ashenzari
Cheibriados
Elyvilon
Kikubaaqudgha
Makhleb
Nemelex Xobeh
Okawaru
Sif Muna
Vehumet
Wu Jian
Xom
Yredelemnul
Zin

Shops:
D:4 %   D:5 *

Annotations:
D:5 Edmund


Innate Abilities, Weirdness & Mutations

You have extremely sharp teeth.
Your natural rate of healing is unusually fast.
When hurt, damage is shared between your health and your magic reserves.
Your bite disrupts and absorbs the magic of your enemies.
Potions cannot restore your health.
You are immune to rotting.


Message History

The jelly is severely wounded.
The jelly hits you.
You are splashed with acid!
The acid burns!
The jelly misses you.
Some of the chunks of flesh in your inventory have rotted away.
The jelly hits you.
You are splashed with acid!
The acid burns!
The jelly hits you.
You are splashed with acid!
The acid burns!
You hit the jelly but do no damage.
Your hands burn!
* * * LOW HITPOINT WARNING * * *
You bite the jelly, but do no damage.
The jelly is severely wounded.
You block the jelly's attack. The jelly hits you.
* * * LOW HITPOINT WARNING * * *
The acid corrodes you!
You are splashed with acid!
The acid burns!
* * * LOW HITPOINT WARNING * * *
There is an open door here.
The jelly hits you.
* * * LOW HITPOINT WARNING * * *
The acid corrodes you!
You are splashed with acid!
The acid burns!
You die...

.# 5. .# .####.####.#
...a.......# ....#.#..#.#
.####### ....#......####.......#
####### ........o.?...........+
#.....#
#....####.#########...####.###.##
..#.# #o.####...#........# #...
##.# ##.##.oJ@.'....#########.
#..oo#...##...........#.
##.########.#.#######.#. #.#
#.#...#.....#. #.# #.#...#.#####.
#.# #.###.#.# #. #.# #.#
#.#.#####. #.. #.# #.#....... ##.
#.# #.########


You could see a jelly and 3 orcs.

Vanquished Creatures
  Sigmund (D:4)
  A bullfrog (D:2)
  A centaur zombie (D:5)
  A bullfrog skeleton (D:5)
  Jessica (D:3)
  A worker ant (D:3)
  2 orc wizards
  3 adders
  3 oozes
  2 worms
  2 dart slugs
  7 leopard geckos
  10 orcs
  3 ball pythons
  6 bats
  3 giant cockroaches
  8 goblins
  7 hobgoblins
  2 quokkas
  6 frilled lizards
  6 kobolds
  10 rats
86 creatures vanquished.

Notes
Turn   | Place    | Note
-------+----------+-------------------------------------------
     0 | D:1      | loralnil the Vine Stalker Monk began the quest for the Orb.
     0 | D:1      | Reached XP level 1. HP: 11/11 MP: 2/2
   137 | D:1      | Reached XP level 2. HP: 4/16 MP: 0/3
   681 | D:1      | Reached skill level 3 in Stealth
   694 | D:1      | Reached XP level 3. HP: 15/20 MP: 4/4
  1105 | D:2      | Gained mutation: Your natural rate of healing is unusually fast. [Vine Stalker growth]
  1105 | D:2      | Reached XP level 4. HP: 15/24 MP: 3/5
  1208 | D:2      | Noticed a bullfrog
  1223 | D:2      | Killed a bullfrog
  1223 | D:2      | Reached XP level 5. HP: 10/29 MP: 6/6
  1614 | D:2      | Reached skill level 4 in Stealth
  1860 | D:3      | Reached XP level 6. HP: 31/33 MP: 5/7
  2031 | D:3      | Noticed Jessica
  2041 | D:3      | Killed Jessica
  2055 | D:3      | Found an ornate altar of the Wu Jian Council.
  2251 | D:4      | Found Quyckeeg's Food Emporium.
  2326 | D:4      | Found a basalt altar of Yredelemnul.
  2457 | D:4      | Noticed Edmund
  2468 | D:5      | Entered Level 5 of the Dungeon
  2468 | D:5      | Noticed a necrophage
  2574 | D:4      | Noticed Sigmund
  2588 | D:4      | Killed Sigmund
  2588 | D:4      | Reached XP level 7. HP: 29/38 MP: 8/8
  3062 | D:4      | Found a staircase to the Ecumenical Temple.
  3085 | Temple   | Entered the Ecumenical Temple
  3342 | Temple   | Became a worshipper of Cheibriados the Contemplative
  3342 | Temple   | Reached * piety under Cheibriados
  3342 | Temple   | Reached ** piety under Cheibriados
  3568 | D:5      | Reached skill level 5 in Stealth
  3598 | D:5      | Found Imuonut's Serpentskin Sales.
  3629 | D:5      | Splashed by a jelly's acid

Skill      XL: |  1  2  3  4  5  6  7 |
---------------+----------------------+-----
Stealth        | 3 4 5 |  5.1
Fighting       | 3 4 |  4.9
Dodging        | 3 |  3.7
Unarmed Combat | 4 |  4.5

Action                   |  1- 3 |  4- 6 |  7- 9 || total
-------------------------+-------+-------+-------++-------
Melee: Unarmed           |    99 |   192 |    39 ||   330
       Bite              |    21 |    48 |    21 ||    90
       Punch             |     1 |     4 |     2 ||     7
  Use: Scroll            |     4 |     3 |       ||     7
 Stab: Sleeping          |     4 |     8 |     3 ||    15
  Eat: Chunk             |     1 |     5 |     2 ||     8
Armor: Robe              |    15 |    25 |     6 ||    46
Dodge: Dodged            |    70 |   118 |    24 ||   212
Block: Other             |       |     6 |     6 ||    12
       Reflection        |       |       |     1 ||     1
